 Dungeon Crawl Stone Soup version 0.28-a0-1506-g3893175d92 (webtiles) character file.

Game seed: 302174237760667096

4 comborobin the Sneak (level 1, 0/20 HPs)
             Began as a Hill Orc Delver on Jan 14, 2022.
             Slain by a gnoll (5 damage)
             ... on level 4 of the Dungeon.
             The game lasted 00:00:54 (167 turns).

comborobin the Sneak (Hill Orc Delver)               Turns: 167, Time: 00:00:54

Health: 0/20       AC:  3    Str: 14    XL:     1   Next: 60%
Magic:  1/1        EV: 11    Int: 10    God:
Gold:   22         SH:  0    Dex: 12    Spells: 0/0 levels left

rFire   . . .      SeeInvis .   a - +0 hand axe
rCold   . . .      Faith    +   (no shield)
rNeg    . . .      Spirit   .   b - +0 leather armour
rPois   .          Reflect  .   (no helmet)
rElec   .          Harm     .   (no cloak)
rCorr   .          Rampage  .   (no gloves)
Will    .....                   (no boots)
Stlth   ++........              h - amulet of faith
HPRegen 0.06/turn               (no ring)
MPRegen 0.07/turn               (no ring)

@: no status effects
A: no striking features
a: no special abilities


You were on level 4 of the Dungeon.
You visited 1 branch of the dungeon, and saw 3 of its levels.

You collected 22 gold pieces.

Inventory:

Hand Weapons
 a - a +0 hand axe (weapon)
Armour
 b - a +0 leather armour (worn)
Jewellery
 h - an amulet of faith (around neck)
Wands
 g - a wand of digging (3)
Scrolls
 c - a scroll of fog


   Skills:
 + Level 3.7 Fighting
 + Level 2.9 Axes
 + Level 0.3 Armour
 - Level 1.6 Dodging
 - Level 4.1 Stealth


You couldn't memorise any spells.
You didn't know any spells.
Your spell library contained the following spells:

 Spells                   Type           Power      Damage    Failure   Level
 Sting                    Tmut/Pois      0%         1d3       43%         1
 Poisonous Vapours        Pois/Air       0%         N/A       58%         2
 Olgreb's Toxic Radiance  Pois           0%         N/A       99%         4


Dungeon Overview and Level Annotations

Branches:
Dungeon (6/15)
 Temple: D:4-7

Altars:


Message History

The howler monkey hoots and howls with incredible vigour!
An adder skeleton comes into view.
A goblin comes into view. It is wielding a +0 club.
Found a Young Poisoner's Handbook.
The goblin shouts!
The teleport trap disappears.
The goblin disappears!
An endoplasm comes into view.
You see here a Young Poisoner's Handbook.
You pick up a Young Poisoner's Handbook and begin reading...
You add the spells Sting, Poisonous Vapours and Olgreb's Toxic Radiance to your library.
You open the door.
Found a pink potion.
Found a purple potion.
There is an open door here.
You close the door.
Your extra speed is starting to run out.
You open the door. 3 gnolls come into view.
There is an open door here.
The gnoll shouts! x3
The gnoll barely misses you.
As you close the door, it creaks loudly!
The gnoll barely misses you.
Okay, then.
You feel yourself slow down.
As you read the scroll of fear, it crumbles to dust.
You assume a fearsome visage.
The gnoll looks frightened! x2
You start to feel less resistant.
You open the door.
There is an open door here.
Your resistance to elements expires.
You aren't carrying any potions.
Unknown command.
A quokka comes into view.
Found a stone staircase leading up.
Found 19 gold pieces.
An orc wizard and an orc come into view.
The orc shouts!
The gnoll hits you with a +0 flail.
You die...

#.....#....+ #....
#######....##+###
#....
..............#
##...
..............#
#...
...............#
#..)
...............+
#...
...............#
#...
...........r.g.#
#...
.............@#
#...
#....##+##.......#
#... ....
#.<.....# #... ..
#.......# #...
'.......#
.#..$...oo.
.##.......... ..
.#######...


You could see an orc wizard, a gnoll, an orc and a quokka.

Vanquished Creatures
  A giant cockroach (D:4)
  A hobgoblin (D:4)
  A kobold (D:4)
3 creatures vanquished.

Notes
Turn   | Place    | Note
-------+----------+-------------------------------------------
     0 | D:5      | comborobin the Hill Orc Delver began the quest for the Orb.
     0 | D:5      | Reached XP level 1. HP: 19/19 MP: 1/1
     1 | D:6      | Noticed an orc wizard
     1 | D:6      | Noticed an orc priest
     1 | D:6      | Noticed an orc priest
    89 | D:4      | Noticed a howler monkey
   166 | D:4      | Noticed an orc wizard
   167 | D:4      | Slain by a gnoll

Illustrated notes

Levels and vault maps discovered:
D:4:      layout_gridville, minmay_temple_entry_slanted, serial_shops,
          kennysheep_mini, hangedman_decor_riveting, minmay_misc_feat_alley,
          nicolae_shop_self_help
D:5:      layout_basic, serial_shops, nicolae_stop_n_shop_2
D:6:      kennysheep_spiral_hall, layout_basic, serial_undead, serial_undead_b,
          serial_undead_d, serial_undead_b, serial_undead_c, serial_undead_c,
          serial_undead_c, serial_undead_e, serial_undead_f,
          portal_sewer_entry_a, uniq_blork_the_orc

Action                   || total
-------------------------++-------
Melee: Hand axe          ||    16
  Use: Scroll            ||     2
       Potion            ||     2
Armor: Leather armour    ||     2
Dodge: Dodged            ||    13

Table legend: (Time is in decaauts)
 A = Elapsed time spent in this place.
 B = Non-inter-level travel time spent in this place.
 C = Inter-level travel time spent in this place.
 D = Time resting spent in this place.
 E = Time spent auto-exploring this place.
 F = Levels seen in this place.
 G = Mean time per level.
                   A        B        C        D        E       F      G
               +--------+--------+--------+--------+--------+-----+--------+
         Total |    150 |    150 |      0 |      0 |     40 |   3 |   50.0 |
       Dungeon |    150 |    150 |      0 |      0 |     40 |   3 |   50.0 |
               +--------+--------+--------+--------+--------+-----+--------+

Top non-repeatable levels by time:
     D:4: 96 daAuts
     D:5: 52 daAuts
     D:6: 1 daAuts
